 Dungeon Crawl Stone Soup version 0.18.1-5-g4a78601 (webtiles) character file.

188109 Heskey the Slayer (level 17, -4/178 HPs)
             Began as a Minotaur Fighter on May 13, 2016.
             Was the Champion of Makhleb.
             Slain by a wolf spider (25 damage)
             ... on level 3 of the Spider Nest on May 14, 2016.
             The game lasted 01:21:20 (31262 turns).

Heskey the Slayer (Minotaur Fighter)               Turns: 31262, Time: 01:21:21

Health: -4/178     AC: 36    Str: 28    XL:     17   Next: 46%
Magic:  21/21      EV:  5    Int:  5    God:    Makhleb [******]
Gold:   1965       SH:  0    Dex: 13    Spells: 0 memorised, 16 levels left

rFire  . . .     SeeInvis .     U - +4 triple sword (slice)
rCold  . . .     Gourm    .     T - +0 crystal plate armour
rNeg   . . .     Faith    .     (shield currently unavailable)
rPois  .         Spirit   .     (helmet restricted)
rElec  .         Dismiss  .     e - +2 cloak
rCorr  .         Reflect  +     k - +2 pair of gloves {Dex+3}
SustAt .         Harm     .     c - +2 pair of boots
MR     ++...                    x - +5 amulet of reflection
Stlth  ..........               g - +4 ring of slaying
                                A - ring of protection from magic

@: held, very resistant to hostile enchantments, extremely unstealthy
A: retaliatory headbutt, fangs 1, hooves 1, horns 2, blink, subdued magic 1
a: Blink, Minor Destruction, Lesser Servant of Makhleb, Major Destruction,
Greater Servant of Makhleb, Renounce Religion
}: 1/15 runes: decaying


You were on level 3 of the Spider Nest.
You worshipped Makhleb.
Makhleb was exalted by your worship.
You were hungry.

You visited 5 branches of the dungeon, and saw 32 of its levels.

You collected 2095 gold pieces.
You spent 130 gold pieces at shops.

Inventory:

Hand Weapons
 G - a +2 scimitar of flaming
 U - a +4 triple sword of slicing (weapon)
Missiles
 z - 3 throwing nets (quivered)
Armour
 c - a +2 pair of boots (worn)
 e - a +2 cloak (worn)
 k - a +2 pair of gloves of dexterity (worn)
 m - a +0 shield of reflection
 T - a +0 crystal plate armour (worn)
Jewellery
 g - a +4 ring of slaying (right hand)
 x - a +5 amulet of reflection (around neck)
 A - a ring of protection from magic (left hand)
 D - an uncursed ring of protection from magic
 O - an uncursed ring of resist corrosion
 W - the ring of Zipsog {SInv Stlth+}
   (You found it on level 8 of the Lair of Beasts)

   [ring of see invisible]

   It lets you see invisible.
   It makes you more stealthy.
 X - a +5 ring of protection
Wands
 a - a wand of teleportation (5/9)
 i - a wand of flame (19/48)
 n - a wand of slowing (34/48)
 q - a wand of iceblast (8/15)
 v - a wand of random effects (22/48)
 y - a wand of enslavement (4/24)
 L - a wand of iceblast (9/15)
 P - a wand of iceblast (6/15)
 Y - a wand of disintegration (8/24)
Scrolls
 b - 2 scrolls of magic mapping
 j - 10 scrolls of remove curse
 p - 7 scrolls of teleportation
 t - 4 scrolls of blinking
 u - 3 scrolls of identify
 J - 2 scrolls of fog
 M - 3 scrolls of holy word
 N - a scroll of amnesia
 S - a scroll of fear
Potions
 l - 5 potions of flight
 o - 6 potions of curing
 r - a potion of brilliance
 B - a potion of heal wounds
 I - a potion of invisibility
 R - a potion of resistance
Miscellaneous
 K - a phantom mirror
 V - a box of beasts {used: 1}
Comestibles
 f - 16 bread rations
 h - 33 fruits
 s - 9 meat rations
 C - 4 royal jellies


   Skills:
 * Level 22.6 Fighting
 * Level 18.3 Long Blades
 + Level 17.2 Armour
 + Level 9.2 Dodging
 - Level 3.7 Shields
 - Level 7.5 Invocations


You had 16 spell levels left.
You didn't know any spells.

Dungeon Overview and Level Annotations

Branches:
Dungeon (15/15)            Temple (1/1) D:5            Lair (8/8) D:10
  Swamp (4/4) Lair:3       Spider (4/4) Lair:4        Slime (0/6) Lair:8
    Orc (0/2) D:11         Vaults (0/5) D:14         Depths (0/5) D:15

Altars:
Ashenzari
Cheibriados
Dithmenos
Elyvilon
Fedhas
Gozag
Kikubaaqudgha
Makhleb
Nemelex Xobeh
Okawaru
Pakellas
Qazlal
Ru
Sif Muna
Trog
Vehumet
Xom
Yredelemnul
Zin
The Shining One
Jiyva

Shops:
D:5 [   D:11 %   D:12 (

Portals:
Trove: D:11 (give 5 potions of cure mutation)

Annotations:
D:11 exclusion: obsidian statue
Lair:2 exclusion: 2 oklob plants


Innate Abilities, Weirdness & Mutations

You reflexively headbutt those who attack you in melee.
You have a pair of horns on your head.
You have very sharp teeth.
You have large cloven feet.
You can translocate small distances at will.
Your spells are a little easier to cast, but a little less powerful.


Message History

The jumping spider pounces on you but does no damage.
The jumping spider bites you but does no damage.
The wolf spider hits you!!
* * * LOW HITPOINT WARNING * * *
The wolf spider bites you but does no damage.
The jumping spider pounces on you!
* * * LOW HITPOINT WARNING * * *
The jumping spider bites you but does no damage.
You block the wolf spider's attack. The wolf spider bites you.
* * * LOW HITPOINT WARNING * * *
You climb upwards.
You feel very sick.
There is a stone staircase leading down here.
Drink which item? (? for menu, Esc to quit)
You feel better. The jumping spider pounces on you!!
* * * LOW HITPOINT WARNING * * *
You are caught in a web!
The jumping spider bites you but does no damage.
The wolf spider hits you!!
You die...

##### #..#...### #<..#
######.....#.####### .#.^##
##.#.#...#....[..#..## .#...#####
#......#...#.#...<.###
...(##.#.#####....##......#..###.
......)...#.....#.##.......#...#.
.........###..###.....#.#..##....
####.......####.##..#.###...##..#
^..#..#.##.^##^.@..##..#.........
.....######...#.ss.#.....#.......
..#.## ##.....####.....#.#...#
#....# #..#....# #####.[...#.#
.#...# ##.###.## ##....... ....##
###.##### #.......
#.#..#####...#.# ##......
..#...#..#.....## ####†..
.#.)....^.......## ######....#


You could see a wolf spider (berserk) and a jumping spider (berserk).

Vanquished Creatures
  Nikola (Spider:2)
  Arachne (Spider:2)
  Rupert (Lair:7)
  A thorn hunter (Swamp:2)
  Kirke (Spider:3)
  Maud (D:11)
  The ghost of MDvedh the Markscentaur, a journeyman CeNe of Makhleb (D:13)
  Donald (Lair:3)
  3 emperor scorpions
  3 very ugly things (Swamp:4)
  A spark wasp (Spider:3)
  Azrael (Spider:1)
  2 green deaths (Swamp:4)
  A death ooze (Swamp:4)
  3 entropy weavers
  16 hydras
  2 hell beasts (Swamp:4)
  2 rakshasas (D:15)
  2 ghost crabs
  A satyr (shapeshifter) (D:14)
  2 ogre magi
  2 catoblepae (Lair:8)
  8 alligators
  2 centaur warriors (D:15)
  14 death yaks
  A fire crab (shapeshifter) (D:14)
  A giant orange brain (D:15)
  The ghost of inmateoo the Martial Artist, a novice DsTm of Cheibriados (D:9)
  4 swamp dragons
  3 spriggan druids
  3 hill giants
  An unseen horror (D:15)
  3 shambling mangroves
  An orc knight (D:14)
  9 orb spiders
  A wolf spider zombie (D:15)
  23 ugly things
  4 hornets
  A cyclops (D:15)
  A deep elf mage (D:14)
  10 wolf spiders
  4 manticores
  3 griffons
  2 moths of wrath (Spider:1)
  An octopode (shapeshifter) (D:14)
  A guardian serpent (shapeshifter) (D:15)
  2 black mambas
  A black mamba (shapeshifter) (D:14)
  12 elephants
  3 torpor snails
  21 spiny frogs
  2 orange demons (Swamp:4)
  2 gargoyles
  4 rime drakes
  18 komodo dragons
  6 demonic crawlers
  An efreet (D:15)
  A troll (shapeshifter) (D:14)
  A tengu conjurer (D:15)
  5 trolls
  9 bog bodies
  4 giant leeches
  22 jumping spiders
  30 slime creatures
  3 two-headed ogres
  18 blink frogs
  8 spriggans
  40 yaks
  13 tarantellas
  A spriggan (shapeshifter) (D:15)
  4 shadows
  25 redbacks
  2 wraiths
  5 wyverns
  5 hogs (Spider:3)
  3 fire elementals (Spider:1)
  6 hungry ghosts
  19 vampire mosquitoes
  3 basilisks
  14 hippogriffs
  A warg (D:14)
  A large abomination (Swamp:4)
  A mottled dragon (D:14)
  18 swamp worms
  4 insubstantial wisps (Swamp:2)
  3 soldier ants
  3 hell hounds (Spider:1)
  9 water moccasins
  18 porcupines
  10 orc warriors
  2 sky beasts
  4 swamp drakes
  12 wasps
  4 ice beasts
  A black bear (D:8)
  3 phantoms
  3 eyes of draining
  12 centaurs
  13 ogres
  3 wolves (Lair:1)
  18 crocodiles
  A gnoll sergeant (D:10)
  29 giant frogs
  A scorpion (D:8)
  A wyvern skeleton (D:14)
  9 killer bees (D:12)
  4 spriggan skeletons (D:9)
  An electric eel (Lair:8)
  6 howler monkeys
  3 centaur zombies
  8 hounds
  2 jellies
  A quasit (D:10)
  11 crimson imps
  2 giant frog zombies
  13 orc priests
  6 centaur skeletons
  20 orc wizards
  Crazy Yiuf (D:3)
  2 giant frog skeletons
  Jessica (D:3)
  12 worker ants
  11 iguanas
  57 sheep
  3 hound zombies (D:5)
  A hound skeleton (D:6)
  A howler monkey zombie (D:10)
  A worker ant zombie (D:10)
  13 gnolls
  12 adders
  67 river rats
  5 shadow imps
  An ooze (D:7)
  An adder zombie (D:7)
  3 worms
  A dart slug (D:3)
  2 giant geckos
  55 orcs
  14 bats
  5 giant cockroaches
  10 goblins
  11 hobgoblins
  10 jackals
  14 kobolds
  4 quokkas
  3 ball pythons
  A giant gecko skeleton (D:6)
  A giant gecko zombie (D:5)
  3 giant newts
  8 rats
1059 creatures vanquished.

Vanquished Creatures (collateral kills)
  A swamp dragon (Swamp:4)
  2 slime creatures (Swamp:4)
3 creatures vanquished.

Vanquished Creatures (others)
  2 centaur warriors
  2 spriggans (Swamp:3)
  A jumping spider (Spider:1)
  A bog body (Swamp:4)
  A wasp (Swamp:3)
  A centaur (D:14)
  10 fungi
  2 plants (Lair:7)
20 creatures vanquished.

Grand Total: 1082 creatures vanquished

Notes
Turn   | Place    | Note
--------------------------------------------------------------
     0 | D:1      | Heskey the Minotaur Fighter began the quest for the Orb.
     0 | D:1      | Reached XP level 1. HP: 19/19 MP: 0/0
    78 | D:1      | Reached XP level 2. HP: 25/27 MP: 1/1
   164 | D:1      | Reached skill level 4 in Fighting
   420 | D:2      | Found a shadowy altar of Dithmenos.
   434 | D:2      | Found a shattered altar of Ashenzari.
   434 | D:2      | Found a radiant altar of Vehumet.
   435 | D:2      | Found a shimmering altar of Xom.
   457 | D:2      | Reached XP level 3. HP: 34/34 MP: 2/2
   826 | D:2      | Found an iron altar of Okawaru.
   856 | D:2      | Reached skill level 5 in Fighting
   856 | D:2      | Reached XP level 4. HP: 37/42 MP: 3/3
   985 | D:3      | Noticed a giant frog
   992 | D:3      | Killed a giant frog
   992 | D:3      | Reached XP level 5. HP: 45/50 MP: 4/4
  1176 | D:3      | Noticed Jessica
  1179 | D:3      | Killed Jessica
  1179 | D:3      | Reached skill level 6 in Fighting
  1232 | D:3      | Reached skill level 5 in Armour
  1453 | D:3      | Reached XP level 6. HP: 55/58 MP: 5/5
  1538 | D:3      | Noticed Crazy Yiuf
  1544 | D:3      | Killed Crazy Yiuf
  1768 | D:4      | Reached skill level 7 in Fighting
  1866 | D:4      | Reached XP level 7. HP: 44/66 MP: 6/6
  1911 | D:4      | Found a sacrificial altar of Ru.
  2230 | D:4      | Found a snail-covered altar of Cheibriados.
  2274 | D:5      | Entered Level 5 of the Dungeon
  2301 | D:5      | Reached skill level 5 in Long Blades
  2372 | D:5      | Found a staircase to the Ecumenical Temple.
  2388 | D:5      | Reached skill level 8 in Fighting
  2393 | Temple   | Entered the Ecumenical Temple
  2578 | Temple   | Became a worshipper of Makhleb the Destroyer
  3093 | D:5      | Found Comets's Antique Armour Boutique.
  3098 | D:5      | Reached XP level 8. HP: 68/77 MP: 7/7
  3111 | D:5      | Bought a pair of embroidered gloves for 130 gold pieces
  3167 | D:5      | Reached skill level 9 in Fighting
  3732 | D:6      | Reached * piety under Makhleb
  4146 | D:7      | Reached skill level 10 in Fighting
  4178 | D:7      | Got a jewelled trident
  4179 | D:7      | Identified the +1 trident "Qaymi" {vamp, MR+ Str+5} (You found it on level 7 of the Dungeon)
  4225 | D:7      | Found a glowing golden altar of the Shining One.
  4676 | D:8      | Reached XP level 9. HP: 64/86 MP: 8/8
  4704 | D:8      | Reached ** piety under Makhleb
  5049 | D:8      | Found a sparkling altar of Nemelex Xobeh.
  5107 | D:8      | Reached skill level 11 in Fighting
  5143 | D:8      | Found an opulent altar of Gozag.
  5905 | D:9      | Noticed a deep elf mage
  5906 | D:9      | Noticed a hill giant
  5907 | D:9      | Noticed a cyclops
  5951 | D:9      | Noticed a komodo dragon
  5958 | D:9      | Noticed inmateoo's ghost (novice DsTm)
  5992 | D:9      | Killed a komodo dragon
  5994 | D:9      | Reached skill level 12 in Fighting
  6189 | D:9      | Reached *** piety under Makhleb
  6225 | D:9      | Reached XP level 10. HP: 99/99 MP: 9/9
  6585 | D:9      | Killed inmateoo's ghost
  6585 | D:9      | Reached skill level 13 in Fighting
  6902 | D:9      | Reached skill level 10 in Armour
  7120 | D:10     | Entered Level 10 of the Dungeon
  7139 | D:10     | Found a sparkling altar of Nemelex Xobeh.
  7140 | D:10     | Reached **** piety under Makhleb
  7378 | D:10     | Reached skill level 10 in Long Blades
  7514 | D:10     | Found a staircase to the Lair.
  7574 | D:10     | Got a scorched halberd
  7575 | D:10     | Identified the +6 halberd "Keraxza" {chop, rPois SInv} (You found it on level 10 of the Dungeon)
  7653 | D:10     | Noticed a hill giant
  7663 | D:10     | Killed a hill giant
  7663 | D:10     | Reached skill level 14 in Fighting
  7839 | D:11     | Noticed an obsidian statue
  7923 | D:11     | Found a portal to a secret trove of treasure.
  7997 | D:11     | Found a staircase to the Orcish Mines.
  8004 | D:11     | Reached XP level 11. HP: 110/110 MP: 10/10
  8057 | D:11     | Found Bobbumia's Food Boutique.
  8329 | D:11     | Noticed Maud
  8356 | D:11     | Killed Maud
  8356 | D:11     | Reached ***** piety under Makhleb
  9337 | D:12     | Noticed an ogre mage
  9351 | D:12     | Reached skill level 15 in Fighting
  9369 | D:12     | Killed an ogre mage
  9455 | D:12     | Found Tebooh's Antique Weapon Boutique.
  9575 | D:12     | Noticed a red ugly thing
  9585 | D:12     | Killed a red ugly thing
  9995 | D:13     | Noticed MDvedh's ghost (journeyman CeNe)
 10036 | D:13     | Killed MDvedh's ghost
 10292 | D:13     | Noticed a green ugly thing
 10294 | D:13     | Reached skill level 16 in Fighting
 10306 | D:13     | Killed a green ugly thing
 10306 | D:13     | Reached XP level 12. HP: 122/122 MP: 11/11
 10583 | D:13     | Gained mutation: You have very sharp teeth. [potion of mutation]
 10583 | D:13     | Gained mutation: You can translocate small distances at will. [potion of mutation]
 10583 | D:13     | Gained mutation: Your spells are a little easier to cast, but a little less powerful. [potion of mutation]
 10681 | D:13     | Noticed a centaur warrior
 10691 | D:13     | Killed a centaur warrior
 10691 | D:13     | Reached skill level 1 in Invocations
 10921 | D:13     | Reached ****** piety under Makhleb
 10922 | D:13     | Noticed a six-headed hydra
 10953 | D:13     | Killed a 19-headed hydra
 10953 | D:13     | Reached skill level 17 in Fighting
 11892 | D:14     | Found a gate to the Vaults.
 12471 | D:14     | Reached XP level 13. HP: 128/133 MP: 14/14
 12615 | D:15     | Entered Level 15 of the Dungeon
 12688 | D:15     | Found a sacrificial altar of Ru.
 13179 | D:15     | Reached skill level 18 in Fighting
 13212 | D:15     | Reached skill level 5 in Invocations
 13932 | D:15     | Found a staircase to the Depths.
 14593 | Lair:1   | Entered Level 1 of the Lair of Beasts
 15519 | Lair:2   | Reached XP level 14. HP: 144/144 MP: 17/17
 15775 | Lair:2   | Reached skill level 19 in Fighting
 16256 | Lair:3   | Found a staircase to the Swamp.
 16873 | Lair:4   | Found a hole to the Spider Nest.
 19366 | Lair:7   | Reached skill level 1 in Dodging
 19398 | Lair:7   | Reached skill level 15 in Armour
 19482 | Lair:7   | Noticed Rupert
 19623 | Lair:7   | Killed Rupert
 19623 | Lair:7   | Reached skill level 20 in Fighting
 19649 | Lair:7   | Reached XP level 15. HP: 152/155 MP: 19/19
 19670 | Lair:7   | Reached skill level 15 in Long Blades
 20343 | Lair:8   | Entered Level 8 of the Lair of Beasts
 20453 | Lair:8   | Got a warped glass ring
 20454 | Lair:8   | Identified the ring of Zipsog {SInv Stlth+} (You found it on level 8 of the Lair of Beasts)
 20490 | Lair:8   | Found a viscous altar of Jiyva.
 20496 | Lair:8   | Found a staircase to the Slime Pits.
 21365 | Lair:8   | Reached skill level 5 in Dodging
 22026 | Swamp:1  | Entered Level 1 of the Swamp
 22031 | Swamp:1  | Noticed Donald
 22068 | Lair:3   | Killed Donald
 22670 | Swamp:1  | Reached skill level 21 in Fighting
 23346 | Swamp:2  | Identified a scroll of acquirement
 23807 | Swamp:3  | Found a snail-covered altar of Cheibriados.
 23930 | Swamp:3  | Noticed a thorn hunter
 24452 | Swamp:2  | Killed a thorn hunter
 24452 | Swamp:2  | Reached XP level 16. HP: 111/167 MP: 20/20
 24990 | Swamp:4  | Entered Level 4 of the Swamp
 25694 | Swamp:4  | HP: 6/168 [slime creature (9)]
 26491 | Swamp:4  | Got a decaying rune of Zot
 26696 | Spider:1 | Entered Level 1 of the Spider Nest
 26706 | Spider:1 | Reached skill level 22 in Fighting
 27328 | Spider:1 | Noticed Azrael
 27341 | Spider:1 | Killed Azrael
 27502 | Spider:1 | Gained mutation: You have large cloven feet. [potion of beneficial mutation]
 27986 | Spider:2 | Reached XP level 17. HP: 130/176 MP: 21/21
 29344 | Spider:2 | Noticed Nikola
 29361 | Spider:2 | Killed Nikola
 29633 | Spider:2 | Noticed Arachne
 29704 | Spider:2 | Killed Arachne
 30711 | Spider:3 | Noticed Kirke
 30790 | Spider:3 | Killed Kirke
 31195 | Spider:4 | Entered Level 4 of the Spider Nest
 31262 | Spider:3 | Slain by a wolf spider

Skill      XL: |  1  2  3  4  5  6  7  8  9 10 11 12 13 14 15 16 17 |
---------------+----------------------------------------------------+-----
Fighting       | 4 5 6 7 8 10 12 14 16 17 18 20 21 22 | 22.6
Armour         | 4 5 6 8 9 10 12 13 14 15 16 17 | 17.2
Long Blades    | 3 4 5 7 8 10 11 12 13 14 16 17 18 | 18.3
Invocations    | 3 6 7 |  7.5
Dodging        | 3 6 8 9 |  9.2
Shields        | |  3.7

Action                   |  1- 3 |  4- 6 |  7- 9 | 10-12 | 13-15 | 16-18 || total
-------------------------+-------+-------+-------+-------+-------+-------++-------
Melee: Long sword        |   115 |   168 |   428 |    58 |       |       ||   769
       Headbutt          |    13 |    29 |    79 |   238 |   365 |   133 ||   857
       Falchion          |       |       |       |   761 |    66 |       ||   827
       Bite              |       |       |       |    44 |   233 |    79 ||   356
       Scimitar          |       |       |       |       |   936 |     2 ||   938
       Triple sword      |       |       |       |       |   392 |   575 ||   967
Invok: Greater Servant o |       |       |       |       |       |     1 ||     1
       Lesser Servant of |       |       |       |       |       |     1 ||     1
Evoke: Wand              |       |       |       |     7 |     1 |     3 ||    11
       Box of beasts     |       |       |       |       |       |     1 ||     1
  Use: Potion            |       |     1 |     9 |     3 |     9 |    13 ||    35
       Scroll            |       |     4 |     8 |    11 |    14 |     6 ||    43
 Stab: Distracted        |       |       |       |     1 |       |       ||     1
       Invisible         |       |       |       |       |     1 |     5 ||     6
  Eat: Chunk             |       |     2 |    16 |     7 |    18 |     7 ||    50
       Beef jerky        |       |     1 |     1 |     1 |     2 |     1 ||     6
       Bread ration      |       |       |       |     4 |     2 |     1 ||     7
       Meat ration       |       |       |       |     2 |     1 |     1 ||     4
       Pizza             |       |       |       |       |     3 |     2 ||     5
       Fruit             |       |       |       |       |     1 |     1 ||     2
       Royal jelly       |       |       |       |       |       |     1 ||     1
Armor: Scale mail        |     6 |       |       |       |       |       ||     6
       Plate armour      |    73 |   114 |   280 |   359 |   924 |   504 ||  2254
       Crystal plate arm |       |       |       |       |       |    81 ||    81
Dodge: Dodged            |    26 |    24 |    73 |   122 |   447 |   407 ||  1099
Block: Shield            |    66 |    81 |   197 |   434 |   614 |       ||  1392
       Reflection        |       |       |       |    19 |    22 |       ||    41
       Other             |       |       |       |       |   130 |   177 ||   307
